 Dungeon Crawl Stone Soup version 0.19.1 (webtiles) character file.

168 Lavla the Chopper (level 5, -2/42 HPs)
             Began as a Human Berserker on Dec 26, 2016.
             Was a Priest of Trog.
             Slain by Dolanko's ghost (6 damage)
             ... on level 4 of the Dungeon on Dec 27, 2016.
             The game lasted 00:38:05 (3794 turns).

Lavla the Chopper (Human Berserker)                 Turns: 3794, Time: 00:38:06

Health: -2/42      AC:  7    Str: 18    XL:     5   Next: 77%
Magic:  5/5        EV: 12    Int:  7    God:    Trog [***...]
Gold:   79         SH:  0    Dex: 13    Spells: 0 memorised, 4 levels left

rFire  . . .     SeeInvis .     P - +1 war axe (elec)
rCold  . . .     Gourm    .     E - +0 ring mail
rNeg   + . .     Faith    .     (no shield)
rPois  .         Spirit   .     B - +0 helmet
rElec  .         Reflect  .     (no cloak)
rCorr  .         Harm     .     j - +0 pair of gloves
MR     .....                    (no boots)
Stlth  +.........               (no amulet)
                                (no ring)
                                F - ring of positive energy

@: no status effects
A: no striking features
a: Berserk, Trog's Hand, Burn Spellbooks, Renounce Religion


You were on level 4 of the Dungeon.
You worshipped Trog.
Trog was most pleased with you.
You were not hungry.

You visited 1 branch of the dungeon, and saw 4 of its levels.

You collected 79 gold pieces.

Inventory:

Hand Weapons
 a - a +0 hand axe
 d - a +0 whip
 e - a +0 club
 i - a +0 club
 k - a +0 club
 s - a +0 spear
 t - a +0 dagger
 v - a +0 spear
 w - a +0 club
 y - a +2 mace of protection
 J - a +0 mace
 L - a +0 falchion
 M - a +0 morningstar
 N - a cursed -3 spear
 P - a +1 war axe of electrocution (weapon)
 Q - a +0 hunting sling
Missiles
 l - 28 arrows
 n - 5 curare-tipped needles
 o - 11 sling bullets
 q - 138 stones (quivered)
 R - 6 needles of paralysis
Armour
 b - a +0 animal skin
 j - a +0 pair of gloves (worn)
 m - a +0 chain mail
 u - a +0 robe
 z - a +0 robe
 B - a +0 helmet (worn)
 E - a +0 ring mail (worn)
 K - a +0 chain mail
 S - a +0 cloak
 T - a +0 scale mail
Jewellery
 F - a ring of positive energy (left hand)
Wands
 D - a wand of polymorph (13/24)
 I - a wand of flame (23/48)
Scrolls
 f - 3 scrolls of remove curse {unknown}
 g - 3 scrolls of identify {unknown}
 p - 2 scrolls of enchant weapon {unknown}
 x - a scroll of amnesia {unknown}
 A - a scroll of magic mapping {unknown}
 C - a scroll of teleportation {unknown}
 H - a scroll of enchant armour {unknown}
 U - a scroll of immolation {unknown}
Potions
 h - a potion of degeneration
 G - a potion of agility {unknown}
 O - a potion of lignification {unknown}
Comestibles
 c - 2 bread rations
 r - a slice of pizza


   Skills:
 + Level 4.0 Fighting
 + Level 4.0(4.1) Axes
 + Level 1.3(2.8) Maces & Flails
 + Level 1.2 Slings
 + Level 2.6 Armour
 + Level 2.8 Dodging


You had 4 spell levels left.
You didn't know any spells.

Dungeon Overview and Level Annotations

Branches:
Dungeon (4/15)
 Temple: D:4-7

Altars:

Annotations:
D:4 Dolanko's ghost, amateur HEHu


Message History

Dolanko's ghost hits you. x2
* * * LOW HITPOINT WARNING * * *
You miss Dolanko's ghost.
Dolanko's ghost is almost destroyed.
Dolanko's ghost misses you.
You hit Dolanko's ghost.
Dolanko's ghost is almost destroyed.
Dolanko's ghost completely misses you.
You closely miss Dolanko's ghost.
Dolanko's ghost is almost destroyed.
Dolanko's ghost hits you!
* * * LOW HITPOINT WARNING * * *
Dolanko's ghost closely misses you.
Zapping:
D - a wand of polymorph (will waste charges)
Press: ? - help, Shift-Dir - straight line, f - Dolanko's ghost
Aim: Dolanko's ghost (almost destroyed, chance to defeat MR: 34%) Dolanko's ghost is unaffected.
Evoking this partially-identified wand wasted a few charges.
Dolanko's ghost hits you.
You die...

.. ##..# .. #..#
.. ####..#######
.. #...........#
.. #...........#
.. #...........#
.. #...........#
##
#...........####
#####.W@........
#.########## #'#
... .....
.......
.........
...........
#............


You could see Dolanko's ghost.

Vanquished Creatures
  8 adders
  An adder skeleton (D:4)
  4 worms
  4 orcs (D:3)
  5 giant cockroaches
  11 goblins
  12 hobgoblins
  4 jackals (D:1)
  6 kobolds
  3 ball pythons
  6 bats
  4 frilled lizards
  9 rats
77 creatures vanquished.

Notes
Turn   | Place    | Note
-------+----------+-------------------------------------------
     0 | D:1      | Lavla the Human Berserker began the quest for the Orb.
     0 | D:1      | Reached XP level 1. HP: 18/18 MP: 1/1
   522 | D:1      | Reached XP level 2. HP: 19/24 MP: 2/2
   802 | D:1      | Reached XP level 3. HP: 29/29 MP: 3/3
   834 | D:1      | Reached ** piety under Trog
  1199 | D:1      | You fall through a shaft!
  1352 | D:2      | HP: 1/29 [adder (1)]
  1359 | D:2      | Reached XP level 4. HP: 17/35 MP: 4/4
  2386 | D:3      | Reached XP level 5. HP: 34/42 MP: 5/5
  2630 | D:3      | Reached skill level 1 in Maces & Flails
  2778 | D:3      | Reached *** piety under Trog
  3407 | D:4      | Reached skill level 1 in Slings
  3759 | D:4      | Noticed Dolanko's ghost (amateur HEHu)
  3794 | D:4      | Slain by Dolanko's ghost

Skill      XL: |  1  2  3  4  5 |
---------------+----------------+-----
Axes           | 4 |  4.0
Maces & Flails | 1 |  1.3
Slings         | 1 |  1.2
Fighting       | 4 |  4.0
Armour         | |  2.6
Dodging        | |  2.8

Action                   |  1- 3 |  4- 6 || total
-------------------------+-------+-------++-------
Melee: Hand axe          |   129 |     7 ||   136
       Mace              |       |    95 ||    95
       War axe           |       |    26 ||    26
 Fire: Hunting sling     |       |    33 ||    33
Evoke: Wand              |       |     1 ||     1
  Use: Potion            |     2 |       ||     2
  Eat: Chunk             |     1 |     4 ||     5
       Bread ration      |       |     1 ||     1
Armor: Animal skin       |     8 |       ||     8
       Chain mail        |    63 |    21 ||    84
       Ring mail         |       |    48 ||    48
Dodge: Dodged            |    67 |    73 ||   140
